 Dungeon Crawl Stone Soup version 0.31-a0-354-g827e095 (webtiles) character file.

Game seed: 3372233105009127336

90 Dawnplanks the Trooper (level 4, -1/40 HPs)
             Began as a Hill Orc Fighter on July 23, 2023.
             Slain by an acid dragon (10 damage)
             ... on level 4 of the Dungeon.
             The game lasted 00:05:38 (2932 turns).

Dawnplanks the Trooper (Hill Orc Fighter)           Turns: 2932, Time: 00:05:39

Health: -1/40      AC:  9    Str: 20    XL:     4   Next: 56%
Magic:  4/4        EV:  8    Int:  8    God:
Gold:   204        SH:  4    Dex: 10    Spells: 3/3 levels left

rFire   + . .        a - +0 war axe
rCold   . . .        c - +0 buckler
rNeg    . . .        k - +0 chain mail
rPois   .            (no helmet)
rElec   .            (no cloak)
rCorr   .            (no gloves)
SInv    .            (no boots)
Will    .....        (no amulet) Stlth
                     u - +4 ring of protection
HPRegen 0.26/turn    v - ring of protection from fire
MPRegen 0.09/turn

%: no passive effects
@: corroded
A: no striking features
a: no special abilities


You were on level 4 of the Dungeon.
You visited 1 branch of the dungeon, and saw 4 of its levels.

You collected 204 gold pieces.

Inventory:

Hand Weapons
 a - a +0 war axe (weapon)
Missiles
 b - 5 javelins (quivered)
Armour
 c - a +0 buckler (worn)
 k - a +0 chain mail (worn)
Jewellery
 u - a +4 ring of protection (left hand)
 v - a ring of protection from fire (right hand)
Talismans
 i - a dragon-blood talisman
Wands
 r - a wand of charming (11)
Scrolls
 f - 3 scrolls of identify {unknown}
 j - a scroll of poison {unknown}
 l - a scroll of fear {unknown}
 n - a scroll of noise {unknown}
 q - 3 scrolls of amnesia {unknown}
 s - a scroll of torment {unknown}
Potions
 d - 2 potions of might
 e - 2 potions of haste {unknown}
 g - a potion of lignification {unknown}
 h - a potion of heal wounds {unknown}
 m - a potion of cancellation {unknown}
 o - a potion of enlightenment {unknown}
 p - a potion of berserk rage {unknown}
 t - a potion of attraction {unknown}


   Skills:
 + Level 4.2 Fighting
 + Level 3.8 Axes
 + Level 3.5 Armour
 + Level 1.1 Dodging
 - Level 0.3 Stealth
 + Level 4.1 Shields


You had 3 spell levels left.
You didn't know any spells.
Your spell library contained the following spells:

 Spells                   Type           Power      Damage    Failure   Level
 Sublimation of Blood     Necr           0%         N/A       99%         2
 Inner Flame              Hex/Fire       0%         N/A       100%        3
 Flame Wave               Conj/Fire      0%         2d4       100%        4
 Petrify                  Tmut/Erth      0%         N/A       100%        4
 Sticky Flame             Conj/Fire      0%         2d3       100%        4
 Irradiate                Conj/Tmut      0%         3d11      100%        5


Dungeon Overview and Level Annotations

Branches:
Dungeon (4/15)
 Temple: D:4-7

Altars:


Message History

You kill the ball python!
The goblin barely misses you.
You closely miss the goblin. You block the goblin's attack.
You hit the goblin.
You kill the goblin!
The adder bites you but does no damage.
You closely miss the adder. The adder bites you.
The adder bites you but does no damage.
You slash the adder!
The adder is almost dead.
The adder bites you but does no damage. The adder barely misses you.
You barely miss the adder.
The adder is almost dead.
You block the adder's attack.
You hit the adder.
You kill the adder!
v - a ring of protection from fire
v - a ring of protection from fire (right hand)
You now have 204 gold pieces (gained 12).
You see here a +0 dagger.
An acid dragon comes into view.
The acid dragon roars!
As you close the door, it creaks loudly!
You open the door. The acid dragon spits acid at you.
The splash of acid hits you! The acid corrodes you!
The acid dragon bites you but does no damage.
The acid dragon barely misses you.
You hit the acid dragon but do no damage.
The acid dragon bites you!
The acid dragon claws you but does no damage.
The acid dragon bites you. The acid dragon claws you.
* * * LOW HITPOINT WARNING * * *
You closely miss the acid dragon. The acid dragon barely misses you.
The acid dragon closely misses you.
You barely miss the acid dragon. The acid dragon bites you.
* * * LOW HITPOINT WARNING * * *
The acid dragon closely misses you.
You barely miss the acid dragon. The acid dragon bites you!
You die...

...# ...# ...# ....+
....# .... #####
###D###########.... .
#.@....#........... ...
#......'...........
.D...#......#...........
......'......#...........
......###...##...########
#########...##...###...##
.....................
...........).........
......................


You could see an acid dragon.

Vanquished Creatures
  3 adders
  2 worms (D:2)
  A dart slug (D:4)
  An orc (D:3)
  4 bats
  4 endoplasms
  4 giant cockroaches
  6 goblins
  5 hobgoblins
  3 quokkas
  3 ball pythons
  5 frilled lizards
  4 kobolds
  8 rats
53 creatures vanquished.

Notes
Turn   | Place    | Note
-------+----------+-------------------------------------------
     0 | D:1      | Dawnplanks the Hill Orc Fighter began the quest for the
                  | Orb.
     0 | D:1      | Reached XP level 1. HP: 19/19 MP: 1/1
   120 | D:1      | Reached XP level 2. HP: 27/27 MP: 2/2
   137 | D:1      | Found a faded altar of an unknown god.
   715 | D:2      | Reached XP level 3. HP: 33/33 MP: 3/3
  1287 | D:2      | Reached skill level 1 in Dodging
  1588 | D:2      | Reached XP level 4. HP: 40/40 MP: 4/4
  2918 | D:4      | Noticed an acid dragon
  2932 | D:4      | Slain by an acid dragon

Illustrated notes

Levels and vault maps discovered:
D:1:      scummos_arrival_forest, layout_loops_cross,
          ebering_ecumenical_altar_petrified, minmay_tiny_reverse_x
D:2:      minmay_general_purpose_star, layout_loops_corners, chequers_avenue
D:3:      layout_loops_ring, minmay_door_square,
          amcnicky_mini_rare_corridor_liquid
D:4:      layout_gridville, overflow_temple_1_default

Skill      XL: |  1  2  3 |
---------------+----------+-----
Fighting       | 4 |  4.2
Axes           | 3 |  3.8
Dodging        | 1 |  1.1
Shields        | 4 |  4.1
Armour         | |  3.5
Stealth        | |  0.3

Action                     |  1- 3 |  4- 6 || total
---------------------------+-------+-------++-------
  Melee: War axe           |    91 |    50 ||   141
 Armour: Scale mail        |    25 |       ||    25
         Chain mail        |     7 |    18 ||    25
  Dodge: Dodged            |    36 |    20 ||    56
  Block: Buckler           |    27 |     8 ||    35
         Form:             |     1 |       ||     1
         Dragon            |     1 |       ||     1

Table legend: (Time is in decaauts)
 A = Elapsed time spent in this place.
 B = Non-inter-level travel time spent in this place.
 C = Inter-level travel time spent in this place.
 D = Time resting spent in this place.
 E = Time spent auto-exploring this place.
 F = Levels seen in this place.
 G = Mean time per level.
                   A        B        C        D        E       F      G
               +--------+--------+--------+--------+--------+-----+--------+
         Total |   2983 |   2822 |    161 |      0 |   2410 |   4 |  745.8 |
       Dungeon |   2983 |   2822 |    161 |      0 |   2410 |   4 |  745.8 |
               +--------+--------+--------+--------+--------+-----+--------+

Top non-repeatable levels by time:
     D:2: 1337 daAuts
     D:3: 772 daAuts
     D:1: 726 daAuts
     D:4: 147 daAuts
